 Dungeon Crawl Stone Soup version 0.28-a0-1555-g9ae15a6949 (webtiles) character file.

Game seed: 17042679615671423730

269 knot the Chopper (level 6, 6/47 HPs)
             Began as a Demonspawn Berserker on Jan 18, 2022.
             Was a Believer of Trog.
             Quit the game on level 5 of the Dungeon.
             The game lasted 00:03:21 (3230 turns).

knot the Chopper (Demonspawn Berserker)             Turns: 3230, Time: 00:03:21

Health: 6/47       AC: 10    Str: 17    XL:     6   Next: 1%
Magic:  6/6        EV: 11    Int: 11    God:    Trog [**....]
Gold:   111        SH:  0    Dex: 12    Spells: 5/5 levels left

rFire   . . .      SeeInvis .   a - +0 hand axe
rCold   . . .      Faith    .   (no shield)
rNeg    . . .      Spirit   .   i - +0 ring mail
rPois   .          Reflect  .   o - +0 helmet
rElec   +          Harm     .   (no cloak)
rCorr   .          Rampage  .   (no gloves)
Will    .....                   (no boots)
Stlth   +.........              (no amulet)
HPRegen 0.15/turn               q - +4 ring of protection
MPRegen 0.20/turn               (no ring)

@: mighty, on berserk cooldown, flying, slowed, very slow
A: powered by pain 1, magic regeneration, electricity resistance
a: Renounce Religion, Berserk, Trog's Hand


You were on level 5 of the Dungeon.
You worshipped Trog.
Trog was pleased with you.
You visited 1 branch of the dungeon, and saw 5 of its levels.

You collected 111 gold pieces.

Inventory:

Hand Weapons
 a - a +0 hand axe (weapon)
Missiles
 c - 76 stones (quivered)
 k - 4 poisoned darts
Armour
 i - a +0 ring mail (worn)
 o - a +0 helmet (worn)
Jewellery
 q - a +4 ring of protection (left hand)
Wands
 m - a wand of flame (10)
Scrolls
 b - a scroll of identify {unknown}
 e - a scroll of teleportation {unknown}
 f - a scroll of noise {unknown}
 h - a scroll of vulnerability {unknown}
 j - a scroll of fear {unknown}
 p - a scroll of enchant armour {unknown}
Potions
 g - a potion of flight
 n - a potion of curing


   Skills:
 - Level 3.0 Fighting
 * Level 5.3 Axes
 * Level 2.8 Throwing
 - Level 1.7 Armour
 - Level 1.7 Dodging


You had 5 spell levels left.
You didn't know any spells.
Your spell library was empty.

Dungeon Overview and Level Annotations

Branches:
Dungeon (6/15)
 Temple: D:4-7

Altars:

Shops:
D:6 *


Innate Abilities, Weirdness & Mutations

You sometimes gain a little power by taking damage.
You regenerate magic rapidly.
You are resistant to electric shocks. (rElec)


Message History

You feel better. The gnoll hits you with a +0 halberd!
Really quaff the potion of mutation?
You feel extremely strange.
Your system completely accepts the healing effects of potions.
You feel more energetic.
You feel insulated.
Your skin stops crawling.
You feel less strong-willed. The gnoll closely misses you.
The gnoll barely misses you.
It was a potion of might.
You feel very mighty all of a sudden. The gnoll barely misses you.
You slash the gnoll!
The gnoll is severely wounded.
The gnoll hits you with a +0 halberd! The gnoll hits you but does no damage.
You slash the gnoll!
You kill the gnoll!
Trog accepts your kill.
You slash the gnoll!
The gnoll is almost dead.
The gnoll hits you with a +2 whip of freezing.
The gnoll freezes you. The gnoll barely misses you.
You closely miss the gnoll.
The gnoll is severely wounded.
The gnoll hits you with a +2 whip of freezing.
* * * LOW HITPOINT WARNING * * *
The gnoll freezes you.
* * * LOW HITPOINT WARNING * * *
The gnoll closely misses you.
You barely miss the gnoll.
The gnoll is severely wounded.
The gnoll hits you with a +2 whip of freezing.
* * * LOW HITPOINT WARNING * * *
The gnoll freezes you.
* * * LOW HITPOINT WARNING * * *
You slash the gnoll!
You kill the gnoll!
Trog accepts your kill.
You have reached level 6!
Your demonic ancestry asserts itself...
You feel energised by your suffering.
Are you sure you want to abandon this character and quit the game? (Confirm with "yes".)

#.###########.#
#.............#
#.###########.#
#.# #.#
#.###########[#
#.#...........#
#.#.###########
#)#.# #@#.# ##
#)#.# ######...
#.#.# #.......#
#.#.###........
#.#............
#.#####.......#
#.# #........
##.#############
#....gggg..


There were no monsters in sight!

Vanquished Creatures
  A gnoll sergeant (D:5)
  A scorpion (D:6)
  Robin (D:3)
  2 adders (D:3)
  4 gnolls (D:5)
  A worm (D:2)
  4 dart slugs
  2 orcs
  5 ball pythons
  2 bats
  4 endoplasms
  A giant cockroach (D:1)
  3 hobgoblins
  2 jackals (D:2)
  7 quokkas
  5 frilled lizards
  17 goblins
  4 kobolds (D:1)
  4 rats
70 creatures vanquished.

Vanquished Creatures (others)
  A plant (D:3)
1 creature vanquished.

Grand Total: 71 creatures vanquished

Notes
Turn   | Place    | Note
-------+----------+-------------------------------------------
     0 | D:1      | knot the Demonspawn Berserker began the quest for the Orb.
     0 | D:1      | Reached XP level 1. HP: 18/18 MP: 1/1
   340 | D:1      | Reached skill level 3 in Axes
   659 | D:1      | Gained mutation: You regenerate magic rapidly. [demonic
                  | ancestry]
   659 | D:1      | Reached XP level 2. HP: 19/24 MP: 2/2
  1244 | D:1      | Reached XP level 3. HP: 24/29 MP: 3/3
  1462 | D:2      | Reached skill level 4 in Axes
  1973 | D:2      | Reached ** piety under Trog
  2307 | D:3      | Found a faded altar of an unknown god.
  2445 | D:3      | Reached XP level 4. HP: 15/35 MP: 4/4
  2673 | D:3      | Noticed Robin
  2686 | D:3      | Reached skill level 1 in Throwing
  2690 | D:3      | Killed Robin
  3045 | D:3      | You fall into a shaft and drop 3 floors!
  3045 | D:6      | Found Ydokifach's General Store.
  3051 | D:6      | Noticed a scorpion
  3058 | D:6      | Killed a scorpion
  3059 | D:6      | Reached XP level 5. HP: 41/41 MP: 5/5
  3103 | D:5      | Entered Level 5 of the Dungeon
  3215 | D:5      | Reached skill level 5 in Axes
  3220 | D:5      | Gained mutation: Potions are less effective at restoring
                  | your health. [potion of mutation]
  3220 | D:5      | Gained mutation: Your magical capacity is low. (-10% MP)
                  | [potion of mutation]
  3222 | D:5      | Lost mutation: Potions are less effective at restoring your
                  | health. [potion of mutation]
  3222 | D:5      | Lost mutation: Your magical capacity is low. (-10% MP)
                  | [potion of mutation]
  3222 | D:5      | Gained mutation: You are resistant to electric shocks.
                  | (rElec) [potion of mutation]
  3230 | D:5      | Gained mutation: You sometimes gain a little power by
                  | taking damage. [demonic ancestry]
  3230 | D:5      | Reached XP level 6. HP: 6/47 MP: 6/6
  3230 | D:5      | Quit the game

Illustrated notes

Levels and vault maps discovered:
D:1:      dpeg_arrival_castle, layout_basic, corexii_item_surrounded_by_moat,
          solitary_fountain
D:2:      layout_rooms, serial_park_tiny_1, dk_vineyard_2, minmay_misc_feat_rows
D:3:      layout_loops_ring, nicolae_hepliaklqana_ecumenical_no_more,
          okawaru_ov_weapons_minmay, ebering_ecumenical_altar_petrified,
          wander_ebering_terrifying_dragon_lair, uniq_robin
D:5:      layout_basic, feat_on_display, uniq_crazy_yiuf_cottage
D:6:      layout_basic, serial_shops, nicolae_shop_bloodbath_and_beyond,
          nicolae_shop_statue_plus, shop, shop, dk_noncrumbling_4

Skill      XL: |  1  2  3  4  5 |
---------------+----------------+-----
Axes           | 3 4 5 |  5.3
Throwing       | 2 |  2.8
Fighting       | |  3.0
Armour         | |  1.7
Dodging        | |  1.7

Action                   |  1- 3 |  4- 6 || total
-------------------------+-------+-------++-------
Melee: Hand axe          |   134 |    70 ||   204
       Punch             |     2 |     1 ||     3
Throw: Dart              |     4 |       ||     4
       Stone             |     3 |       ||     3
Invok: Berserk           |     2 |     3 ||     5
       Trog's Hand       |       |     1 ||     1
  Use: Potion            |       |     5 ||     5
Armor: Animal skin       |    16 |       ||    16
       Ring mail         |    15 |    23 ||    38
Dodge: Dodged            |    57 |    45 ||   102

Table legend: (Time is in decaauts)
 A = Elapsed time spent in this place.
 B = Non-inter-level travel time spent in this place.
 C = Inter-level travel time spent in this place.
 D = Time resting spent in this place.
 E = Time spent auto-exploring this place.
 F = Levels seen in this place.
 G = Mean time per level.
                   A        B        C        D        E       F      G
               +--------+--------+--------+--------+--------+-----+--------+
         Total |   3293 |   3227 |     66 |    773 |   1976 |   5 |  658.6 |
       Dungeon |   3293 |   3227 |     66 |    773 |   1976 |   5 |  658.6 |
               +--------+--------+--------+--------+--------+-----+--------+

Top non-repeatable levels by time:
     D:1: 1464 daAuts
     D:3: 890 daAuts
     D:2: 741 daAuts
     D:5: 129 daAuts
     D:6: 67 daAuts
